 Dungeon Crawl Stone Soup version 0.22-a0-348-gd16d1391c7 (webtiles) character file.

2626 Laan the Destroyer (level 9, -9/45 HPs)
             Began as a Deep Elf Fire Elementalist on Apr 9, 2018.
             Mangled by an orc warrior
             ... wielding a +0 glaive
              (26 damage)
             ... on level 7 of the Dungeon.
             The game lasted 00:16:44 (7790 turns).

Laan the Destroyer (Deep Elf Fire Elementalist)     Turns: 7790, Time: 00:16:45

Health: -9/45      AC:  8    Str:  5    XL:     9   Next: 34%
Magic:  12/25      EV: 15    Int: 24    God:
Gold:   446        SH:  0    Dex: 20    Spells: 15/28 levels left

rFire    + + .     SeeInvis .   G - staff of fire
rCold    . . .     Gourm    .   (no shield)
rNeg     . . .     Faith    .   y - +0 robe
rPois    .         Spirit   .   A - +0 helmet
rElec    .         Reflect  .   Q - +0 cloak
rCorr    .         Harm     .   P - +2 pair of gloves
MR       .....                  D - +0 pair of boots
Stlth    ++........             s - amulet of rage
HPRegen  0.15/turn              M - +3 ring of dexterity
MPRegen  0.19/turn              z - +2 ring of evasion

@: no status effects
A: agile 1, blurry vision 1, fire resistance 1
a: Evoke Berserk Rage


You were on level 7 of the Dungeon.
You were not hungry.

You visited 1 branch of the dungeon, and saw 8 of its levels.
You also visited: Ossuary.

You collected 446 gold pieces.

Inventory:

Hand Weapons
 a - a +2 dagger of speed
 b - a +0 hunting sling
 u - a +0 dagger
Missiles
 j - 40 sling bullets
 o - 159 stones (quivered)
Armour
 y - a +0 robe (worn)
 A - a +0 helmet (worn)
 D - a +0 pair of boots (worn)
 H - a +2 shield
 N - a +0 buckler
 P - a +2 pair of gloves (worn)
 Q - a +0 cloak (worn)
Magical Staves
 G - an uncursed staff of fire (weapon)
Jewellery
 s - an amulet of rage (around neck)
 x - an uncursed ring of stealth
 z - a +2 ring of evasion (right hand)
 M - a +3 ring of dexterity (left hand)
Wands
 e - a wand of disintegration (13)
 g - a wand of random effects (15)
 K - a wand of digging (7)
Scrolls
 d - 2 scrolls of remove curse
 f - 7 scrolls of identify {unknown}
 h - a scroll of noise {unknown}
 i - 4 scrolls of amnesia {unknown}
 k - 3 scrolls of enchant armour {unknown}
 p - 3 scrolls of teleportation {unknown}
 q - a scroll of random uselessness {unknown}
 t - 8 scrolls of magic mapping {unknown}
 v - 2 scrolls of enchant weapon {unknown}
 E - a scroll of immolation {unknown}
 I - a scroll of blinking {unknown}
Potions
 l - a potion of cancellation
 m - 4 potions of mutation
 n - 4 potions of agility {unknown}
 r - 3 potions of lignification {unknown}
 w - a potion of ambrosia {unknown}
 B - a potion of resistance {unknown}
 C - 3 potions of heal wounds
 F - 2 potions of experience {unknown}
 J - 2 potions of flight {unknown}
 L - 3 potions of degeneration {unknown}
 O - a potion of haste {unknown}
Comestibles
 c - 6 rations


   Skills:
 - Level 2.4 Dodging
 - Level 2.4 Stealth
 + Level 10.0 Spellcasting
 * Level 11.3 Conjurations
 - Level 3.2 Fire Magic


You had 15 spell levels left.
You knew the following spells:

 Your Spells              Type           Power        Failure   Level  Hunger
a - Flame Tongue          Conj/Fire      #####        1%          1    None
b - Conjure Flame         Conj/Fire      ######..     1%          3    None
c - Sticky Flame          Conj/Fire      ######..     2%          4    #......
d - Fireball              Conj/Fire      ######....   7%          5    ####...


Dungeon Overview and Level Annotations

Branches:
Dungeon (8/15)
 Temple: D:4-7         Lair: D:8-11

Altars:
Kikubaaqudgha
Makhleb
Ru
Trog
Xom

Shops:
D:7 :

Annotations:
D:6 Stone's ghost, novice DsGl


Innate Abilities, Weirdness & Mutations

You are agile. (Dex +2)
Scrolls take you a little longer to read.
Your flesh is heat resistant. (rF+)


Message History

The orc warrior hits you with a glaive!!
* * * LOW HITPOINT WARNING * * *
The ogre completely misses you.
You feel much better.
The orc warrior burns!
The orc warrior barely misses you. The ogre misses you.
Casting: Flame Tongue (safe; 1% risk of failure)
Confirm with . or Enter, or press ? or * to list all spells.
Aiming: Sticky Flame (safe; 2% risk of failure)
Press: ? - help, Shift-Dir - straight line, f/p - ogre
Aim: an ogre, wielding a giant club (severely wounded)
You feel a surge of power!
The sticky flame hits the ogre.
The ogre is almost dead.
The ogre is covered in liquid flames!
The orc warrior burns!
The ogre burns!
You kill the ogre!
Your Spellcasting skill increases to level 10!
The orc warrior hits you with a glaive!
The orc warrior burns!
The orc warrior stops burning.
The orc warrior hits you with a glaive!!
Ouch! That really hurt!
You die...

#.# #.######### #########
#.# #.........# #........
#.# #########.# #.#######
#.# #.# #.####### #.# #.#
#........ #.# #.#
######### #.# #.# # #.#
#.# # #.# ######@# #
#.#########....o># #
#.........#.###### ##
.....####.#># #######.
..##.# #.#.# ##......#
#.##.# #.#.# #...####.
..##.# #.#.# #...# ##
.###.# #.#.# ####...#####
## #.#
#.#.##########...........


You could see an orc warrior.

Vanquished Creatures
  Pikel (D:5)
  Maurice (D:7)
  A hornet (D:7)
  Grinder (D:3)
  An ice beast (D:7)
  2 slaves (D:5)
  2 phantoms
  An ogre (D:7)
  2 scorpions
  3 killer bees (D:7)
  3 crimson imps
  A jelly (D:7)
  2 hounds (D:7)
  2 orc priests
  2 orc wizards (D:4)
  A bullfrog skeleton (D:7)
  2 iguanas (D:5)
  Ijyb (D:2)
  4 worker ants
  6 big kobold zombies (Ossuary)
  A hound zombie (D:5)
  A hound skeleton (D:5)
  A mummy (Ossuary)
  Robin (D:3)
  5 adders
  An adder zombie (D:6)
  A worm (D:3)
  4 dart slugs (D:1)
  5 leopard geckos
  8 orcs
  7 spectral bats (Ossuary)
  6 bats
  3 bat simulacra (Ossuary)
  3 giant cockroaches
  6 gnoll zombies (Ossuary)
  15 goblins
  6 hobgoblins
  3 jackals (D:4)
  8 kobolds
  2 quokkas
  2 ball pythons (D:2)
  5 frilled lizards
  2 goblin simulacra (Ossuary)
  3 goblin zombies (Ossuary)
  2 hobgoblin zombies (Ossuary)
  3 kobold simulacra (Ossuary)
  6 kobold zombies (Ossuary)
  7 orc zombies (Ossuary)
  2 quokka skeletons (D:5)
  6 rats
  2 rat simulacra (Ossuary)
  4 spectral goblins (Ossuary)
  2 spectral kobolds (Ossuary)
  4 spectral rats (Ossuary)
176 creatures vanquished.

Notes
Turn   | Place    | Note
-------+----------+-------------------------------------------
     0 | D:1      | Laan the Deep Elf Fire Elementalist began the quest for the Orb.
     0 | D:1      | Reached XP level 1. HP: 10/10 MP: 6/6
   138 | D:1      | Reached skill level 2 in Conjurations
   138 | D:1      | Reached XP level 2. HP: 13/15 MP: 1/8
   507 | D:1      | Reached XP level 3. HP: 14/19 MP: 5/10
   754 | D:2      | Reached skill level 3 in Conjurations
  1184 | D:2      | Reached XP level 4. HP: 24/24 MP: 9/12
  1291 | D:3      | Noticed Robin
  1294 | D:3      | Killed Robin
  1294 | D:3      | Reached skill level 4 in Conjurations
  1990 | D:2      | Reached XP level 5. HP: 23/28 MP: 14/14
  2201 | D:3      | Noticed Ijyb
  2202 | D:3      | Noticed Grinder
  2251 | D:2      | Gained mutation: Scrolls take you a little longer to read. [potion of mutation]
  2251 | D:2      | Gained mutation: You are agile. (Dex +2) [potion of mutation]
  2251 | D:2      | Gained mutation: Your flesh is heat resistant. (rF+) [potion of mutation]
  2542 | D:2      | Killed Ijyb
  2866 | D:3      | Killed Grinder
  2866 | D:3      | Reached skill level 5 in Spellcasting
  2866 | D:3      | Reached skill level 5 in Conjurations
  2866 | D:3      | Reached XP level 6. HP: 28/32 MP: 6/16
  3013 | D:3      | Learned a level 3 spell: Conjure Flame
  3018 | D:3      | Learned a level 4 spell: Sticky Flame
  3024 | D:3      | Learned a level 5 spell: Fireball
  3303 | D:3      | Reached skill level 6 in Conjurations
  3539 | D:4      | Reached XP level 7. HP: 36/36 MP: 12/18
  3891 | D:4      | Reached skill level 7 in Conjurations
  4295 | D:5      | Entered Level 5 of the Dungeon
  5039 | D:5      | Noticed Pikel
  5077 | D:5      | Killed Pikel
  5077 | D:5      | Reached skill level 9 in Conjurations
  5077 | D:5      | Reached XP level 8. HP: 31/41 MP: 0/22
  5732 | D:5      | Found a shimmering altar of Xom.
  5736 | D:5      | Found a bloodstained altar of Trog.
  5736 | D:5      | Found a sacrificial altar of Ru.
  5749 | D:5      | Found an ancient bone altar of Kikubaaqudgha.
  5753 | D:5      | Found a burning altar of Makhleb.
  5935 | D:6      | Noticed Stone's ghost (novice DsGl)
  5959 | D:7      | Found a sand-covered staircase.
  5966 | Ossuary  | Entered an ossuary
  6750 | Ossuary  | Reached skill level 10 in Conjurations
  7056 | D:7      | Found Igumma Ikhla's Book Boutique.
  7538 | D:8      | Noticed a hornet
  7543 | D:8      | Noticed Maurice
  7548 | D:7      | Killed a hornet
  7548 | D:7      | Reached XP level 9. HP: 32/45 MP: 16/24
  7647 | D:7      | Killed Maurice
  7647 | D:7      | Reached skill level 11 in Conjurations
  7789 | D:7      | Reached skill level 10 in Spellcasting
  7790 | D:7      | Mangled by an orc warrior

Vault maps used:
D:1:      dpeg_arrival_rooms_with_view, minmay_tetromino_l4
D:3:      first_ration, grunt_decor_resistance, st_stairs_11, minivault_14,
          serial_park_tiny_pond, uniq_ijyb, uniq_grinder, uniq_robin
D:4:      serial_column_ruins, column_ruins_square_medium,
          column_ruins_corridor_corner, column_ruins_open_large,
          column_ruins_columns_corner, column_ruins_open_tiny,
          column_ruins_corridor_dead_end
D:5:      minmay_overflow_temple_star_hex, minmay_small_thing, uniq_pikel
D:6:      nicolae_overflow_hidden_temple, minmay_temple_entry_large_hall,
          nicolae_good_shop
D:7:      enter_ossuary_5, serial_shops, shop
D:8:      grunt_lair_entry_orc_guard_hut, grunt_ogre_cave,
          nicolae_straight_to_the_point, uniq_prince_ribbit1, uniq_maurice
Ossuary:  ossuary_zaba_two_paths

Skill      XL: |  1  2  3  4  5  6  7  8  9 |
---------------+----------------------------+-----
Conjurations   | 2 3 4 5 6 9 10 11 | 11.3
Spellcasting   | 4 5 6 8 9 10 | 10.0
Dodging        | |  2.4
Stealth        | |  2.4
Fire Magic     | |  3.2

Action                   |  1- 3 |  4- 6 |  7- 9 || total
-------------------------+-------+-------+-------++-------
Melee: Dagger            |       |    65 |   230 ||   295
       Staff             |       |       |    14 ||    14
 Fire: Hunting sling     |    16 |    98 |    10 ||   124
 Cast: Flame Tongue      |    57 |    72 |   261 ||   390
       Conjure Flame     |       |       |     4 ||     4
       Sticky Flame      |       |       |     9 ||     9
Evoke: Wand              |       |       |    13 ||    13
  Use: Scroll            |     1 |       |       ||     1
       Potion            |       |     3 |     2 ||     5
  Eat: Chunk             |     1 |     4 |     7 ||    12
       Ration            |       |     1 |     2 ||     3
Armor: Robe              |     3 |    16 |    67 ||    86
Dodge: Dodged            |    19 |    92 |   170 ||   281

Table legend:
 A = Spawn XP
 B = Non-spawn XP
 C = Spawn XP percentage of total XP
 D = Spawn monster count
 E = Non-spawn monster count
 F = Spawn count percentage of total count
 G = Total turns spent on level
                    A         B        C        D         E        F      G
               +---------+---------+-------+---------+---------+-------+---------
         Total |       0 |    3752 |   0.0 |       0 |     174 |   0.0 |  7790
               +---------+---------+-------+---------+---------+-------+---------
           D:1 |       0 |      46 |   0.0 |       0 |      23 |   0.0 |  1169
           D:2 |       0 |     152 |   0.0 |       0 |      21 |   0.0 |  1274
           D:3 |       0 |     318 |   0.0 |       0 |      24 |   0.0 |   938
           D:4 |       0 |     435 |   0.0 |       0 |      15 |   0.0 |  1425
           D:5 |       0 |     926 |   0.0 |       0 |      14 |   0.0 |  1009
           D:6 |       0 |     215 |   0.0 |       0 |       5 |   0.0 |   127
           D:7 |       0 |    1413 |   0.0 |       0 |      14 |   0.0 |   984
       Ossuary |       0 |     247 |   0.0 |       0 |      58 |   0.0 |   850
               +---------+---------+-------+---------+---------+-------+---------
